 Dungeon Crawl Stone Soup version 0.30-a0-347-gf58ed5266c (webtiles) character file.

Game seed: 17454671868568808654

16644 holysushi the Spry (level 13, 0/107 HPs)
             Began as a Meteoran Earth Elementalist on Nov 7, 2022.
             Was a Follower of Uskayaw.
             Killed by divine providence
             ... invoked by an orc priest
              (13 damage)
             ... on level 12 of the Dungeon.
             The game lasted 00:35:52 (5540 turns).

holysushi the Spry (Meteoran Earth Elementalist)    Turns: 5540, Time: 00:35:52

Health: 0/107      AC: 13    Str: 11    XL:     13   Next: 7%
Magic:  27/29      EV: 37    Int: 18    God:    Uskayaw [*.....]
Gold:   221        SH:  9    Dex: 18    Spells: 10/20 levels left

rFire   . . .      SeeInvis .    w - staff of earth
rCold   . . .      Faith    .    M - +3 warlock's mirror {reflect}
rNeg    . . .      Spirit   .    u - +0 swamp dragon scales
rPois   +          Reflect  +    (no helmet)
rElec   .          Harm     .    (no cloak)
rCorr   .          Rampage  .    H - +1 pair of gloves
Will    +....                    v - +1 pair of boots
Stlth   +.........               z - amulet of the acrobat
HPRegen 0.37/turn                i - ring of magical power
MPRegen 0.21/turn                m - +4 ring of evasion

@: acrobatic, glowing
A: sense surroundings 2, otherworldly, glowing, explore regen
a: Renounce Religion, Stomp


You were on level 12 of the Dungeon.
You worshipped Uskayaw.
Uskayaw was noncommittal.
You visited 3 branches of the dungeon, and saw 16 of its levels.
You also visited: Sewer and Gauntlet.

You collected 661 gold pieces.
You spent 440 gold pieces at shops.

Inventory:

Missiles
 B - a throwing net
Armour
 c - the +1 leather armour of Weirdness {rF+ rN++ Regen+ Int-4}
   (You found it on level 4 of the Dungeon)

   Int:       It affects your intelligence (-4).
   rF:        It protects you from fire.
   rN:        It greatly protects you from negative energy.
   Regen:     It increases your rate of health regeneration.
 u - +0 swamp dragon scales (worn)
 v - a +1 pair of boots (worn)
 H - a +1 pair of gloves (worn)
 I - +0 steam dragon scales
 M - the +3 warlock's mirror (worn) {reflect}
   (You bought it in a shop on level 5 of the Dungeon)

   It can block and reflect piercing ranged attacks and magical attacks against
   the wielder's willpower.
Magical Staves
 w - a staff of earth (weapon)
Jewellery
 i - a ring of magical power (left hand)
 j - a ring of protection from cold
 m - a +4 ring of evasion (right hand)
 o - a ring of wizardry
 z - an amulet of the acrobat (around neck)
Wands
 t - a wand of iceblast (13)
 y - a wand of flame (15)
 E - a wand of paralysis (7)
 P - a wand of light (5)
Scrolls
 a - a scroll of identify
 d - 4 scrolls of teleportation
 e - a scroll of amnesia {unknown}
 g - 2 scrolls of blinking
 h - a scroll of vulnerability
 k - 3 scrolls of enchant weapon
 l - 3 scrolls of enchant armour
 n - 2 scrolls of butterflies
 r - a scroll of silence
 s - a scroll of immolation {unknown}
 C - 2 scrolls of fear
 J - 3 scrolls of magic mapping
 K - 2 scrolls of brand weapon {unknown}
Potions
 b - 2 potions of magic
 f - 3 potions of flight
 p - 3 potions of lignification
 q - 3 potions of brilliance
 A - a potion of might
 F - 5 potions of attraction
 L - 3 potions of curing
 N - a potion of mutation
 O - 2 potions of haste


   Skills:
 - Level 8.1 Fighting
 + Level 6.9 Armour
 - Level 15.0 Dodging
 - Level 1.4 Stealth
 - Level 7.6 Shields
 - Level 4.0 Spellcasting
 - Level 1.2 Transmutations
 - Level 11.5 Earth Magic
 - Level 6.0 Invocations


You had 10 spell levels left.
You knew the following spells:

 Your Spells              Type           Power      Damage    Failure   Level
a - Sandblast             Erth           100%       2d20      1%          1
b - Passwall              Tmut/Erth      32%        N/A       4%          2
c - Stone Arrow           Conj/Erth      72%        3d11      11%         3
d - Petrify               Tmut/Erth      39%        N/A       28%         4

Your spell library contained the following spells:

 Spells                   Type           Power      Damage    Failure   Level
 Magic Dart               Conj           12%        1d3       36%         1
 Call Imp                 Summ           3%         N/A       52%         2
 Sublimation of Blood     Necr           3%         N/A       52%         2
 Inner Flame              Hex/Fire       3%         N/A       75%         3
 Mephitic Cloud           Conj/Pois/Air  3%         N/A       75%         3
 Cause Fear               Hex            1%         N/A       98%         4
 Irradiate                Conj/Tmut      2%         3d12      100%        5
 Discord                  Hex            1%         N/A       100%        8


Dungeon Overview and Level Annotations

Branches:
Dungeon (14/15) Zot: 3037  Temple (1/1) D:5 Zot: 585     Orc (1/2) D:12 Zot: 515
 Vaults (0/5) D:14          Sewer (visited)         Gauntlet (visited)
   Lair: D:8-11

Altars:
Ashenzari
Cheibriados
Dithmenos
Elyvilon
Fedhas
Gozag
Hepliaklqana
Kikubaaqudgha
Makhleb
Nemelex Xobeh
Okawaru
Qazlal
Ru
Sif Muna
Trog
Uskayaw
Vehumet
Wu Jian
Xom
Yredelemnul
Zin
The Shining One

Shops:
D:5 *   Orc:1 =

Annotations:
D:13 2 transporters, exclusion: 2 downstairs, Tuopn's ghost, journeyman OpFE
D:14 Nessos; Rupert


Innate Abilities, Weirdness & Mutations

You passively map the area around you.
You are easily found by Zot.
You glow in the dark.
You regain HP and MP as you explore.


Message History

The efreet burns you. You block the efreet's attack.
Casting: Sandblast (safe; 1% risk of failure)
Confirm with . or Enter, or press ? or * to list all spells.
Aiming: Sandblast (safe; 1% risk of failure)
Press: ? - help, Shift-Dir - straight line, f/p - efreet
Aim: an efreet, wielding a +0 scimitar of flaming (severely wounded, 95% to hit)
You feel a surge of power!
The blast of sand misses the efreet.
The efreet gestures at you.
The fireball explodes!
The fireball engulfs you!!
* * * LOW HITPOINT WARNING * * *
The fireball engulfs the efreet.
The efreet completely resists.
You hear an angry buzzing noise. x2; You hear a bellow!
You can no longer pass through a line of other dancers.
Casting: Sandblast (safe; 1% risk of failure)
Confirm with . or Enter, or press ? or * to list all spells.
Aiming: Sandblast (safe; 1% risk of failure)
Press: ? - help, Shift-Dir - straight line, f/p - efreet
Aim: an efreet, wielding a +0 scimitar of flaming (severely wounded, 95% to hit)
You feel a surge of power!
The blast of sand hits the efreet!!
You kill the efreet!
A kobold demonologist comes into view. It is wielding a +0 dagger.
You can now pass through a line of other dancers.
The kobold demonologist mumbles some strange words.
You can no longer pass through a line of other dancers.
There is a stone staircase leading up here.
The kobold demonologist casts a cantrip, but nothing happens.
You climb upwards.
There is a stone staircase leading down here.
Search for what [? for help]? amulet of regen You see here a +0 dagger.
The slime creature quivers.
(D) Dungeon (T) Temple (O) Orcish Mines (V) Vaults
Where to? (Enter - D:10 @ (x,y), ? - help)
Okay, then.
(D) Dungeon (T) Temple (O) Orcish Mines (V) Vaults
Where to? (Enter - D:10 @ (x,y), ? - help)
The slime creature quivers.
The orc priest mumbles some strange prayers to Beogh against you.
Beogh smites you!
You die...

** , * * * *,* ################
#### * , #..............# #.. #
#..............# #.# ** .##
###..............####.########...
..J.J)..........@....)......>..#
.##..)...oJ...J######.#..).#.#.#
###............# #.#.##.#.# #,
#............# #.#.##.#.#
#............# #.#.##.#.#
#............# #.#.#....#
#............# #.#.###..# *
#............# #.#.# #......
############## , *, #......


You could see 2 slime creatures and an orc priest.

Vanquished Creatures
  A fire dragon (D:13)
  A centaur warrior (D:13)
  3 two-headed ogres
  Pikel (D:5)
  A deep elf pyromancer (D:12)
  A manticore (D:13)
  4 cyclopes
  Joseph (D:10)
  An unseen horror (D:10)
  Maggie (D:6)
  An efreet (D:13)
  A komodo dragon (D:10)
  2 trolls (D:9)
  7 slime creatures
  22 yaks
  A wraith (D:12)
  2 wyverns (D:10)
  Eustachio (D:5)
  A steam dragon (D:8)
  A warg (Orc:1)
  3 acid dragons
  4 water moccasins
  5 orc warriors
  2 ogres
  A wolf (D:9)
  A centaur (D:10)
  2 lemures (D:6)
  2 phantoms
  5 bullfrogs
  2 necrophages
  2 scorpions
  7 wights
  7 killer bees
  3 howler monkeys
  An electric eel (D:9)
  6 hounds
  A jelly (D:5)
  3 orc priests
  An iguana (D:7)
  Jessica (D:3)
  8 orc wizards
  12 adders
  3 gnolls (D:4)
  2 river rats (D:3)
  4 shadow imps
  An ufetubus (D:5)
  2 worms (D:3)
  4 dart slugs
  22 orcs
  14 endoplasms
  13 giant cockroaches
  2 goblins (D:4)
  4 hobgoblins
  6 jackals
  6 kobolds
  7 quokkas
  15 ball pythons
  3 bats
  10 frilled lizards
  7 rats
258 creatures vanquished.

Vanquished Creatures (others)
  A plant (D:8)
1 creature vanquished.

Grand Total: 259 creatures vanquished

Notes
Turn   | Place    | Note
-------+----------+-------------------------------------------
     0 | D:1      | holysushi the Meteoran Earth Elementalist began the quest
                  | for the Orb.
     0 | D:1      | Reached XP level 1. HP: 14/14 MP: 5/5
   112 | D:1      | Reached XP level 2. HP: 20/20 MP: 4/6
   130 | D:1      | Reached skill level 3 in Dodging
   314 | D:2      | Identified the +2 robe of the Bull {Harm +Blink rElec
                  | Int-5}
   324 | D:2      | Reached XP level 3. HP: 22/26 MP: 2/8
   607 | D:2      | Learned a level 2 spell: Passwall
   611 | D:2      | Learned a level 3 spell: Stone Arrow
   723 | D:3      | Noticed Jessica
   729 | D:3      | Killed Jessica
   730 | D:3      | Reached XP level 4. HP: 8/34 MP: 9/9
   733 | D:3      | Reached skill level 4 in Dodging
   794 | D:3      | Reached skill level 1 in Fighting
   794 | D:3      | Reached skill level 5 in Earth Magic
   794 | D:3      | Reached XP level 5. HP: 39/40 MP: 10/10
   960 | D:3      | Found a glowing drain.
   971 | Sewer    | Entered a sewer
   999 | Sewer    | Reached XP level 6. HP: 43/47 MP: 11/11
  1122 | Sewer    | Reached skill level 5 in Dodging
  1145 | Sewer    | Reached XP level 7. HP: 55/56 MP: 12/12
  1316 | D:3      | Reached skill level 6 in Dodging
  1447 | D:5      | Entered Level 5 of the Dungeon
  1542 | D:4      | Identified the +1 leather armour of Weirdness {rF+ rN++
                  | Regen+ Int-4}
  1854 | D:5      | Noticed Eustachio
  1866 | D:5      | Killed Eustachio
  1867 | D:5      | Reached XP level 8. HP: 63/63 MP: 13/13
  1872 | D:5      | Found Ytoniafa's General Store.
  1907 | D:5      | Reached skill level 7 in Dodging
  1968 | D:5      | Found a staircase to the Ecumenical Temple.
  1977 | Temple   | Entered the Ecumenical Temple
  1984 | Temple   | Became a worshipper of Uskayaw the Reveller
  1993 | D:5      | Reached * piety under Uskayaw
  2028 | D:5      | Reached ** piety under Uskayaw
  2269 | D:6      | Noticed Pikel
  2275 | D:6      | Reached *** piety under Uskayaw
  2297 | D:5      | Killed Pikel
  2298 | D:5      | Reached skill level 8 in Dodging
  2298 | D:5      | Gained mutation: You passively map the area around you.
                  | [Meteoran growth]
  2298 | D:5      | Reached XP level 9. HP: 30/70 MP: 1/15
  2317 | D:6      | Noticed Maggie
  2326 | D:6      | Killed Maggie
  2372 | D:6      | Reached skill level 9 in Dodging
  2767 | D:7      | Reached **** piety under Uskayaw
  2820 | D:7      | Found a glowing golden altar of the Shining One.
  2884 | D:7      | Reached XP level 10. HP: 80/80 MP: 17/17
  2926 | D:7      | Found an ancient bone altar of Kikubaaqudgha.
  2926 | D:7      | Found an opulent altar of Gozag.
  2931 | D:7      | Found a bloodstained altar of Trog.
  2932 | D:7      | Found a sacrificial altar of Ru.
  2932 | D:7      | Found a shadowy altar of Dithmenos.
  2932 | D:7      | Found a hazy altar of Hepliaklqana.
  2933 | D:7      | Found a glowing silver altar of Zin.
  2935 | D:7      | Found a blossoming altar of Fedhas.
  2937 | D:7      | Found a white marble altar of Elyvilon.
  3065 | D:7      | Found a sparkling altar of Nemelex Xobeh.
  3094 | D:8      | Reached skill level 10 in Earth Magic
  3288 | D:8      | Reached skill level 10 in Dodging
  3291 | D:8      | Reached skill level 5 in Fighting
  3320 | D:8      | Noticed a cyclops
  3321 | D:8      | Noticed a cyclops
  3392 | D:8      | Reached skill level 5 in Invocations
  3395 | D:8      | Reached ***** piety under Uskayaw
  3404 | D:8      | Reached ****** piety under Uskayaw
  3405 | D:8      | Reached skill level 11 in Dodging
  3475 | D:9      | Reached XP level 11. HP: 25/89 MP: 18/18
  3522 | D:8      | Found a broken altar of Ashenzari.
  3739 | D:9      | Reached skill level 12 in Dodging
  3792 | D:10     | Entered Level 10 of the Dungeon
  4028 | D:5      | Bought the +3 warlock's mirror {reflect} for 440 gold
                  | pieces
  4028 | D:5      | Found the +3 warlock's mirror {reflect}
  4235 | D:10     | Noticed Joseph
  4240 | D:10     | Noticed a cyclops
  4243 | D:10     | Killed Joseph
  4244 | D:10     | Reached skill level 5 in Shields
  4244 | D:10     | Killed a cyclops
  4424 | D:10     | Noticed a two-headed ogre
  4429 | D:10     | Killed a two-headed ogre
  4576 | D:10     | Reached skill level 13 in Dodging
  4576 | D:10     | Reached XP level 12. HP: 95/100 MP: 19/19
  4614 | D:12     | Found a staircase to the Orcish Mines.
  4696 | D:12     | Reached skill level 1 in Armour
  4740 | D:12     | Found a gate leading to a gauntlet.
  4764 | Gauntlet | Entered a Gauntlet
  4764 | Gauntlet | Found a transporter.
  4767 | Gauntlet | Found a transporter.
  4769 | Gauntlet | Found a transporter.
  4772 | Gauntlet | Found a transporter.
  4773 | Gauntlet | Found a transporter.
  4773 | Gauntlet | Noticed a catoblepas
  4776 | Gauntlet | Found a transporter.
  4776 | Gauntlet | Noticed a death scarab
  4781 | Gauntlet | Found a runed translucent gate.
  4782 | Gauntlet | Noticed a glowing orange brain
  4783 | Gauntlet | Noticed a death scarab
  4784 | Gauntlet | Found a runed translucent gate.
  4784 | Gauntlet | Found a transporter.
  4785 | Gauntlet | Found a runed translucent gate.
  4789 | Gauntlet | Noticed an orb spider
  4791 | Gauntlet | Found a transporter.
  4825 | Gauntlet | Noticed a glowing orange brain
  4851 | Gauntlet | Found a transporter.
  4854 | Gauntlet | Found a transporter.
  4856 | Gauntlet | Found a transporter.
  4861 | Gauntlet | a black mamba changed into a harpy
  4861 | Gauntlet | Noticed a harpy (glowing shapeshifter)
  4863 | Gauntlet | a harpy changed into a komodo dragon
  4864 | Gauntlet | a komodo dragon changed into an entropy weaver
  4864 | Gauntlet | Noticed an entropy weaver (glowing shapeshifter)
  4865 | Gauntlet | Noticed a ghost crab
  4874 | Gauntlet | Found a transporter.
  4876 | Gauntlet | an entropy weaver changed into a troll
  4897 | Gauntlet | Noticed an obsidian statue
  5084 | D:12     | Noticed a deep elf pyromancer
  5090 | D:12     | HP: 4/101 [fire elemental[a deep elf pyromancer] (6)]
  5091 | D:12     | Killed a deep elf pyromancer
  5155 | Orc:1    | Entered Level 1 of the Orcish Mines
  5157 | Orc:1    | Found Teacyufa's Jewellery Boutique.
  5279 | D:13     | Found a transporter.
  5281 | D:13     | Noticed a phantasmal warrior
  5317 | D:13     | Reached skill level 14 in Dodging
  5337 | D:13     | Found a transporter.
  5338 | D:13     | Noticed Tuopn's ghost (journeyman OpFE)
  5361 | D:13     | Noticed a two-headed ogre
  5365 | D:13     | Killed a two-headed ogre
  5370 | D:14     | Noticed an orc knight
  5370 | D:14     | Noticed Rupert
  5370 | D:14     | Noticed a boulder beetle
  5370 | D:14     | Noticed Nessos
  5370 | D:14     | Noticed a centaur warrior
  5370 | D:14     | Noticed a centaur warrior
  5370 | D:14     | Found a gate to the Vaults.
  5373 | D:13     | Noticed a deep elf pyromancer
  5380 | D:13     | Noticed a two-headed ogre
  5381 | D:13     | Noticed a fire dragon
  5388 | D:13     | Killed a two-headed ogre
  5420 | D:13     | Killed a fire dragon
  5421 | D:13     | Reached skill level 5 in Armour
  5426 | D:13     | Learned a level 4 spell: Petrify
  5468 | D:13     | Noticed a centaur warrior
  5470 | D:13     | Killed a centaur warrior
  5471 | D:13     | Reached skill level 15 in Dodging
  5474 | D:13     | Reached XP level 13. HP: 101/107 MP: 20/20
  5540 | D:12     | Killed from afar by an orc priest

Illustrated notes

Levels and vault maps discovered:
D:1:      enne_arrival_octagon_isle, layout_basic
D:2:      layout_basic
D:3:      layout_loops_ring, lightli_sewer_entry_pipes, chequers_arboretum,
          uniq_jessica, uniq_ijyb
D:4:      layout_loops_ring, minivault_27
D:5:      layout_basic, minmay_temple_entry_wispy, serial_shops,
          nicolae_shop_trees, nicolae_figureground_pulse, uniq_eustachio
D:6:      layout_cave_pods, minmay_misc_feat_tower, uniq_maggie, uniq_pikel
D:7:      layout_basic, nemelex_dance_club_becter, tso_oasis_becter, minitemple
D:8:      nzn_winding_woodlands_small [nzn_winding_woodlands_5x15_pockets,
          nzn_winding_woodlands_center_lodge,
          nzn_winding_woodlands_5x15_lazy_stream], layout_loops_ring,
          mainiacjoe_overflow_tiny_flanked
D:9:      layout_basic, erik_lair_island, uniq_amaemon
D:10:     layout_irregular_city, uniq_joseph, uniq_erica
D:11:     minmay_smoke_and_mirrors, layout_gridville, palyth_stone_intersect,
          minmay_radiant
D:12:     layout_basic, orc_0_dummy, gauntlet_entry_generic
D:13:     kennysheep_snake, layout_irregular_city, serial_column_ruins,
          column_ruins_grid_1, column_ruins_corridor_T, column_ruins_grid_4,
          column_ruins_grid_4, column_ruins_grid_1, gammafunk_ghost_mausoleum
D:14:     layout_roguey, david_vaults_3, serial_shops, shop,
          nicolae_ru_sacrificial_ziggurat
Temple:   hellmonk_temple_micro_hex
Orc:1:    layout_diamond_mine, serial_shops, nicolae_shop_crystal,
          nicolae_shop_temple_entry_statues_fountains, shop_fountains, shop,
          shop

Skill      XL: |  1  2  3  4  5  6  7  8  9 10 11 12 13 |
---------------+----------------------------------------+-----
Earth Magic    | 4 5 6 7 8 9 11 | 11.5
Dodging        | 3 4 5 6 8 9 11 13 15 | 15.0
Fighting       | 1 2 3 4 6 7 8 |  8.1
Spellcasting   | 3 4 |  4.0
Invocations    | 2 3 6 |  6.0
Shields        | 6 7 |  7.6
Armour         | 5 6 |  6.9
Stealth        | |  1.4
Transmutations | |  1.2

Action                   |  1- 3 |  4- 6 |  7- 9 | 10-12 | 13-15 || total
-------------------------+-------+-------+-------+-------+-------++-------
Melee: Unarmed           |    19 |     8 |     7 |       |       ||    34
       Staff             |       |       |     1 |     4 |       ||     5
       Punch             |       |       |       |     1 |       ||     1
 Cast: Sandblast         |    47 |    79 |   114 |   256 |    17 ||   513
       Stone Arrow       |       |       |    19 |     1 |       ||    20
       Passwall          |       |       |     2 |    13 |       ||    15
Invok: Stomp             |       |       |       |     1 |       ||     1
  Use: Scroll            |       |     4 |     3 |    17 |       ||    24
       Potion            |       |       |       |     1 |       ||     1
 Stab: Sleeping          |       |       |     1 |       |       ||     1
Armor: Robe              |    11 |     9 |     9 |     4 |       ||    33
       Steam dragon scal |       |       |       |     5 |       ||     5
       Swamp dragon scal |       |       |       |    29 |     2 ||    31
Dodge: Dodged            |    46 |    51 |    85 |   228 |    11 ||   421
Block: Buckler           |       |       |       |    90 |    10 ||   100
       Reflection        |       |       |       |    12 |     1 ||    13

Table legend: (Time is in decaauts)
 A = Elapsed time spent in this place.
 B = Non-inter-level travel time spent in this place.
 C = Inter-level travel time spent in this place.
 D = Time resting spent in this place.
 E = Time spent auto-exploring this place.
 F = Levels seen in this place.
 G = Mean time per level.
                   A        B        C        D        E       F      G
               +--------+--------+--------+--------+--------+-----+--------+
         Total |   5900 |   5529 |    371 |     47 |     29 |  18 |  327.8 |
       Dungeon |   5361 |   4990 |    371 |     47 |     29 |  14 |  382.9 |
        Temple |     14 |     14 |      0 |      0 |      0 |   1 |   14.0 |
  Orcish Mines |     84 |     84 |      0 |      0 |      0 |   1 |   84.0 |
         Sewer |    276 |    276 |      0 |      0 |      0 |   1 |  276.0 |
      Gauntlet |    163 |    163 |      0 |      0 |      0 |   1 |  163.0 |
               +--------+--------+--------+--------+--------+-----+--------+

Top non-repeatable levels by time:
     D:6: 545 daAuts
     D:7: 534 daAuts
     D:3: 520 daAuts
     D:5: 513 daAuts
     D:4: 465 daAuts
    D:12: 443 daAuts
     D:8: 434 daAuts
     D:2: 428 daAuts
    D:10: 416 daAuts
     D:9: 413 daAuts
     D:1: 315 daAuts
    D:13: 299 daAuts
   Sewer: 276 daAuts
Gauntlet: 163 daAuts
   Orc:1: 84 daAuts
